 Dungeon Crawl Stone Soup version 0.28.0-43-g3370ac3207 (webtiles) character file.

Game seed: 4509959552268901945

4240 styxcanada the Covert (level 10, -4/49 HPs)
             Began as a Spriggan Brigand on Mar 1, 2022.
             Slain by Grum
             ... wielding a -1 spear
              (19 damage)
             ... on level 8 of the Dungeon.
             The game lasted 00:36:43 (8701 turns).

styxcanada the Covert (Spriggan Brigand)            Turns: 8701, Time: 00:36:44

Health: -4/49      AC: 11    Str: 11    XL:     10   Next: 9%
Magic:  18/18      EV: 26    Int: 17    God:
Gold:   161        SH:  0    Dex: 20    Spells: 16/18 levels left

rFire   . . .      SeeInvis +   f - +7 rapier of Yredelemnul {vorpal, *Rage rPois Str+4 Int+3}
rCold   . . .      Faith    .   (no shield)
rNeg    . . .      Spirit   .   H - +2 robe {Will+}
rPois   +          Reflect  .   (helmet restricted)
rElec   .          Harm     .   c - +2 cloak
rCorr   .          Rampage  .   (gloves unavailable)
Will    ++...      Rage     20% (boots unavailable)
Stlth   ++++++....              (no amulet)
HPRegen 0.16/turn               h - +4 ring of protection
MPRegen 0.16/turn               G - +4 ring of evasion

@: on berserk cooldown, slowed, quick
A: very small, no large weapons, unfitting armour, see invisible, speed 3
a: no special abilities


You were on level 8 of the Dungeon.
You visited 2 branches of the dungeon, and saw 9 of its levels.
You also visited: Ossuary.

You collected 306 gold pieces.
You spent 145 gold pieces at shops.

Inventory:

Hand Weapons
 a - a +2 dagger
 f - the +7 rapier of Yredelemnul (weapon) {vorpal, *Rage rPois Str+4 Int+3}
   (You acquired it on level 3 of the Dungeon)

   It inflicts extra damage upon your enemies.
   Str:       It affects your strength (+4).
   Int:       It affects your intelligence (+3).
   rPois:     It protects you from poison.
   *Rage:     It berserks you when you make melee attacks (+20% chance).
 y - a +1 hunting sling
Missiles
 d - 9 poisoned darts (quivered)
 e - 5 curare-tipped darts
 g - 209 stones
 r - 49 sling bullets
 s - 11 boomerangs
 D - 4 silver boomerangs
 F - a throwing net
Armour
 c - a +2 cloak (worn)
 H - a +2 robe of willpower (worn)
Jewellery
 h - a +4 ring of protection (left hand)
 G - a +4 ring of evasion (right hand)
Wands
 b - a wand of iceblast (8)
 k - a wand of mindburst (18)
 p - a wand of flame (31)
 A - a wand of digging (11)
 I - a wand of charming (9)
Scrolls
 l - 2 scrolls of enchant weapon
 v - 3 scrolls of teleportation
 w - 2 scrolls of blinking
 B - a scroll of fog
 C - 4 scrolls of identify
 E - a scroll of magic mapping
Potions
 i - a potion of berserk rage
 j - 4 potions of curing
 n - 2 potions of cancellation
 o - 3 potions of brilliance
 q - 3 potions of flight
 t - a potion of might
 u - 2 potions of mutation
 x - a potion of resistance
 z - a potion of heal wounds {unknown}


   Skills:
 + Level 3.3 Fighting
 + Level 7.1 Short Blades
 + Level 4.0 Throwing
 * Level 7.5 Dodging
 * Level 13.4 Stealth
 * Level 4.7 Spellcasting
 + Level 3.8 Translocations
 * Level 7.0 Evocations


You had 16 spell levels left.
You knew the following spells:

 Your Spells              Type           Power      Damage    Failure   Level
a - Blink                 Tloc           34%        N/A       4%          2

Your spell library contained the following spells:

 Spells                   Type           Power      Damage    Failure   Level
 Sandblast                Erth           8%         2d5       14%         1
 Passwall                 Tmut/Erth      3%         N/A       22%         2
 Stone Arrow              Conj/Erth      8%         3d7       41%         3
 Manifold Assault         Tloc           17%        N/A       63%         5
 Storm Form               Tmut/Air       2%         N/A       100%        7


Dungeon Overview and Level Annotations

Branches:
Dungeon (8/15)             Temple (1/1) D:5         Ossuary (visited)
   Lair: D:8-11

Altars:
Ashenzari
Cheibriados
Dithmenos
Elyvilon
Fedhas
Hepliaklqana
Kikubaaqudgha
Makhleb
Nemelex Xobeh
Okawaru
Qazlal
Ru
Sif Muna
Trog
Uskayaw
Wu Jian
Xom
Yredelemnul
The Shining One

Shops:
D:8 :*

Annotations:
D:3 1 runed translucent door, badtown22's ghost, novice DsIE
D:5 Pikel
D:8 Grum


Innate Abilities, Weirdness & Mutations

You are very small and have problems with some larger weapons.
You are too small for most types of armour.
You have supernaturally acute eyesight. (SInv)
You cover ground extremely quickly. (Speed+++)


Message History

You kill the orc!
The killer bee misses you.
You puncture the orc priest!
The orc priest is almost dead.
The killer bee completely misses you.
You puncture the orc priest!
You kill the orc priest!
The killer bee closely misses you. Grum closely misses you.
Items here: ))) [[[.
You puncture the killer bee!
You kill the killer bee!
Grum looks more healthy.
Grum asks, "What kind of bones do Spriggans have?
My dogs are dying to find out."
You puncture the wolf!
The wolf is heavily wounded.
The wolf completely misses you.
You closely miss the wolf.
The wolf is heavily wounded.
The wolf misses you. Grum completely misses you.
You puncture the wolf!
You kill the wolf!
Your Evocations skill increases to level 7!
You are no longer berserk.
You are exhausted.
You feel yourself slow down.
Things that are here:
a wolf corpse; a killer bee corpse You hit Grum.
Grum is moderately wounded.
Grum completely misses you. Grum hits you but does no damage.
You closely miss Grum.
Grum is moderately wounded.
Grum barely misses you.
You closely miss Grum.
Grum is moderately wounded.
Grum misses you.
You puncture Grum!
Grum is heavily wounded.
Grum completely misses you. Grum hits you with a -1 spear!!
You die...

# .. # #. # # # #.
.# # #+# #.#.##
..# # #.#
#.#..##..# #.#
#.#........# ##.##
#.........#
###...## #)#
.(...(.####### #@#
###.....o....###g#
#...###....h.oh#
#...###.##g#####
#.......##.#
##..######.#
#..######.#
####.........#
........######


You could see Grum, a wolf and an orc priest.

Vanquished Creatures
  A deep elf zephyrmancer (D:6)
  Psyche (D:8)
  Prince Ribbit (D:7)
  Eustachio (D:5)
  2 water moccasins
  3 orc warriors
  2 black bears
  A wolf (D:8)
  2 necrophages
  A phantom (D:4)
  Blork the orc (D:5)
  A kobold brigand (D:8)
  2 bullfrogs (D:7)
  A gnoll sergeant (D:7)
  A wyvern zombie (D:6)
  2 scorpions
  A water moccasin zombie (D:6)
  7 killer bees
  2 wights (D:7)
  5 bullfrog zombies
  4 centaur zombies
  2 centaur skeletons
  5 orc priests
  2 gnoll shamans
  3 jellies
  3 bullfrog skeletons
  A hound (D:7)
  2 iguanas
  2 orc wizards
  Natasha (thrice) (D:3)
  A hound skeleton (D:4)
  2 mummies (Ossuary)
  7 gnolls
  5 adders
  A river rat (D:4)
  A white imp (D:5)
  An ufetubus (D:4)
  5 adder zombies (Ossuary)
  2 worms
  A dart slug (D:1)
  16 orcs
  7 bats
  17 endoplasms
  4 giant cockroaches
  3 gnoll zombies (Ossuary)
  3 goblins
  5 hobgoblins
  7 quokkas
  8 ball pythons
  4 frilled lizards
  10 hobgoblin zombies (Ossuary)
  16 kobolds
  4 kobold zombies (Ossuary)
  7 orc zombies (Ossuary)
  8 rats
210 creatures vanquished.

Vanquished Creatures (others)
  A fungus (D:3)
  3 plants
  7 toadstools (D:3)
11 creatures vanquished.

Grand Total: 221 creatures vanquished

Notes
Turn   | Place    | Note
-------+----------+-------------------------------------------
     0 | D:1      | styxcanada the Spriggan Brigand began the quest for the
                  | Orb.
     0 | D:1      | Reached XP level 1. HP: 10/10 MP: 2/2
    23 | D:1      | Reached skill level 6 in Stealth
   238 | D:1      | Reached XP level 2. HP: 14/14 MP: 3/3
  1097 | D:1      | Reached skill level 7 in Stealth
  1169 | D:1      | Reached XP level 3. HP: 18/18 MP: 4/4
  1590 | D:2      | Found a faded altar of an unknown god.
  2409 | D:3      | Reached XP level 4. HP: 23/23 MP: 5/5
  2428 | D:3      | Found a broken altar of Ashenzari.
  2638 | D:3      | Learned a level 2 spell: Blink
  2675 | D:3      | Found a shimmering blue altar of Sif Muna.
  2742 | D:3      | Identified a scroll of acquirement
  2742 | D:3      | Acquired the +7 rapier of Yredelemnul {vorpal, *Rage rPois
                  | Str+4 Int+3}
  2774 | D:3      | Noticed Natasha
  2775 | D:3      | Found a runed translucent door.
  2780 | D:3      | Killed Natasha
  2781 | D:3      | Reached skill level 1 in Spellcasting
  2833 | D:3      | Noticed a bullfrog
  2834 | D:3      | Noticed badtown22's ghost (novice DsIE)
  2844 | D:3      | Noticed Natasha
  2854 | D:3      | Killed Natasha
  2855 | D:3      | Reached skill level 8 in Stealth
  2987 | D:3      | Noticed Natasha
  2997 | D:3      | Killed Natasha
  2998 | D:3      | Reached skill level 1 in Translocations
  2998 | D:3      | Reached skill level 1 in Evocations
  2998 | D:3      | Reached XP level 5. HP: 21/26 MP: 7/7
  3101 | D:3      | Found a faded altar of an unknown god.
  3106 | D:3      | Found a hazy altar of Hepliaklqana.
  3456 | D:4      | Noticed an orc warrior
  3460 | D:4      | Reached XP level 6. HP: 27/30 MP: 9/9
  3495 | D:4      | Found an ornate altar of the Wu Jian Council.
  3651 | D:4      | Killed an orc warrior
  3918 | D:4      | Found a white marble altar of Elyvilon.
  3918 | D:4      | Found a sacrificial altar of Ru.
  4169 | D:4      | Found a bloodstained altar of Trog.
  4191 | D:4      | Reached XP level 7. HP: 35/35 MP: 11/11
  4215 | D:4      | Reached skill level 9 in Stealth
  4640 | D:5      | Entered Level 5 of the Dungeon
  4680 | D:5      | Reached skill level 10 in Stealth
  4789 | D:5      | Noticed Pikel
  4856 | D:5      | Noticed Eustachio
  4869 | D:5      | Killed Eustachio
  4870 | D:5      | Reached XP level 8. HP: 13/39 MP: 13/13
  4931 | D:5      | Found a staircase to the Ecumenical Temple.
  4937 | Temple   | Entered the Ecumenical Temple
  5603 | D:5      | Noticed Blork the orc
  5612 | D:5      | Killed Blork the orc
  5997 | D:6      | Found a shimmering altar of Xom.
  6033 | D:6      | Reached skill level 11 in Stealth
  6150 | D:6      | Reached skill level 5 in Short Blades
  6290 | D:6      | Noticed a deep elf zephyrmancer
  6299 | D:6      | Killed a deep elf zephyrmancer
  6300 | D:6      | Reached skill level 5 in Dodging
  6334 | D:6      | Reached XP level 9. HP: 42/44 MP: 14/14
  6374 | D:6      | Reached skill level 5 in Evocations
  6391 | D:6      | Reached skill level 12 in Stealth
  6396 | D:6      | Found a basalt altar of Yredelemnul.
  6989 | D:7      | Noticed Prince Ribbit
  6993 | D:7      | Killed Prince Ribbit
  6999 | D:7      | Found a sand-covered staircase.
  7023 | Ossuary  | Entered an ossuary
  7584 | D:7      | Reached skill level 13 in Stealth
  8139 | D:7      | Found a burning altar of Makhleb.
  8139 | D:7      | Noticed a balrug
  8142 | D:7      | Noticed an orange demon
  8142 | D:7      | Noticed a smoke demon
  8454 | D:8      | Found Domacon's Book Shop.
  8456 | D:8      | Found Gosuimn's Assorted Antiques.
  8459 | D:8      | Bought a scratched marble ring for 145 gold pieces
  8511 | D:8      | Noticed Psyche
  8516 | D:8      | Killed Psyche
  8627 | D:8      | Reached XP level 10. HP: 36/49 MP: 17/17
  8636 | D:8      | Noticed Grum
  8701 | D:8      | Slain by Grum

Illustrated notes

Levels and vault maps discovered:
D:1:      tarquinn_simple_flora_water_d, layout_basic, minivault_4
D:2:      layout_basic, ebering_ecumenical_altar_box, serial_bayou_pond_b
D:3:      cheibrodos_fertilizer, layout_rooms, led_sif_pool,
          nicolae_overflow_ecumenical_swirl, nicolae_overflow_crystal_walls,
          ebering_ghost_sewer_d, uniq_natasha
D:4:      layout_rooms, bloody_trog, nzn_wu_jian_contemplation,
          gammafunk_temple_overflow_wave, gup_sewer_entry_spiral
D:5:      layout_cave_pods, minmay_temple_entry_nine_rooms, uniq_pikel,
          uniq_blork_the_orc, uniq_eustachio
D:6:      layout_layer_cave, nicolae_yredelemnul_corpse_copse,
          mainiacjoe_overflow_paths, grunt_decor_one_mirror,
          guppyfry_early_elven_hall
D:7:      layout_gridville, makhleb_altar_promises_db,
          chequers_ossuary_entry_cave, minivault_11, serial_bayou_lagoon_a,
          roderic_roman_lattice, minmay_joined_circles, uniq_prince_ribbit1
D:8:      layout_loops_corners, general_overflow_altar, erik_lair_island,
          serial_shops, nicolae_stop_n_shop_1, nicolae_shop_hallway_plus,
          nicolae_shop_behind_doors, uniq_psyche, uniq_grum
Temple:   jpeg_temple_island

Skill      XL: |  1  2  3  4  5  6  7  8  9 10 |
---------------+-------------------------------+-----
Stealth        | 6 7 8 10 11 13 | 13.4
Dodging        | 2 3 4 5 7 |  7.5
Spellcasting   | 1 2 3 4 |  4.7
Fighting       | 2 3 |  3.3
Translocations | 1 2 3 |  3.8
Evocations     | 1 2 3 4 6 7 |  7.0
Short Blades   | 3 4 5 7 |  7.1
Throwing       | 3 4 |  4.0

Action                   |  1- 3 |  4- 6 |  7- 9 | 10-12 || total
-------------------------+-------+-------+-------+-------++-------
Melee: Dagger            |   104 |    20 |       |       ||   124
       Punch             |     2 |       |     3 |       ||     5
       Rapier            |       |    63 |   270 |    46 ||   379
Throw: Dart              |    16 |    32 |    19 |     3 ||    70
 Cast: Blink             |       |       |     4 |       ||     4
Evoke: Wand              |       |     2 |    10 |       ||    12
  Use: Scroll            |       |     5 |    19 |       ||    24
 Stab: Sleeping          |    20 |     8 |    26 |       ||    54
       Distracted        |       |     1 |     1 |       ||     2
Armor: Robe              |    11 |    21 |    47 |     9 ||    88
Dodge: Dodged            |    54 |    62 |   219 |    68 ||   403
